[Event "45th FIDE Womens Olympiad 2024"]
[Site "Budapest"]
[Date "2024.09.19"]
[Round "8.34"]
[White "Zimina, Olga"]
[Black "Fataliyeva, Ulviyya"]
[Result "0-1"]
[ECO "D23"]
[WhiteElo "2302"]
[BlackElo "2378"]
[Annotator "TA"]
[PlyCount "86"]
[EventDate "2024.09.05"]
[EventType "team-tourn"]
[EventCountry "HUN"]
[SourceTitle "playchess.com"]
[Source "ChessBase"]
[SourceQuality "1"]
[WhiteTeam "Italy"]
[BlackTeam "Azerbaijan"]
[WhiteTeamCountry "ITA"]
[BlackTeamCountry "AZE"]
[TimeControl "40/5400+30:1800+30"]

1. d4 Nf6 2. Nf3 d5 3. g3 c5 4. c4 dxc4 5. Qa4+ Qd7 6. Qxc4 cxd4 7. Nxd4 e5 {Repels Bf4} 8. Nb5 {Black has an edge.} Nc6 {White must now prevent ...a6.} 9. Bg2 a6 10. N5c3 Nd4 11. O-O b5 12. Qd3 Bb7 13. Bg5 Bxg2 14. Kxg2 Qc6+ 15. e4 $1 Nd7 16. Nd2 Nc5 17. Qb1 f5 18. Be3 (18. f3 $11) 18... b4 $1 $15 19. Bxd4 exd4 20. Ne2 fxe4 (20... O-O-O $15 21. Nb3 d3 (21... Nxe4 $2 {perishes.} 22. Nexd4 Qe8 23. Re1 $18)) 21. Nxd4 $11 Qd5 22. N2b3 Be7 23. Nxc5 Bxc5 24. Nb3 {Hoping for Nxc5.} e3+ 25. f3 e2 $36 {[%mdl 2048] Prevents Rd1. Black has some pressure.} 26. Re1 {[%cal Ob3c5] Threatens to win with Nxc5! White is weak on the dark squares} O-O {The board is on fire.} 27. Qe4 {Now White is beyond hope.} (27. Nxc5 $1 $11 {and White has nothing to worry.} Qxf3+ 28. Kg1) 27... Qxe4 $19 28. fxe4 Rf2+ 29. Kh3 Be3 30. Nc1 Bxc1 31. Raxc1 {[%mdl 4096] Endgame. KRR-KRR} Re8 32. Rc4 Re6 33. e5 $2 (33. g4) 33... Rxe5 34. Rf4 Rh5+ 35. Rh4 {[#] Black is clearly winning.} Rd5 36. Re4 {[#]} Rd2 37. b3 Rxa2 38. Re3 Rc2 39. g4 Rf1 40. Re8+ Kf7 41. R8xe2 Rf3+ 42. Kg2 Rxe2+ (42... Rxb3 $2 {too greedy.} 43. Rxc2 Kg6 44. Rc7 $18) 43. Rxe2 Rxb3 {Weighted Error Value: White=0.43/Black=0.05 (flawless) .  Loses game:     	White=1     	---        Mistake:       	White=2     	Black=1      Inaccurate:     	White=1     	Black=1      OK:         	White=11    	Black=18     Best:        	White=6     	Black=8      Strong:       	White=1     	Black=1} 0-1

[Event "45th FIDE Womens Olympiad 2024"]
[Site "Budapest"]
[Date "2024.09.19"]
[Round "8.34"]
[White "Danwe Maissiri Carole"]
[Black "Al Balushi, Mariya"]
[Result "0-1"]
[ECO "C54"]
[WhiteElo "1456"]
[BlackElo "1561"]
[PlyCount "72"]
[EventDate "2024.09.05"]
[EventType "team-tourn"]
[EventCountry "HUN"]
[WhiteTeam "Cameroon"]
[BlackTeam "Oman"]
[WhiteTeamCountry "CAM"]
[BlackTeamCountry "OMN"]
[TimeControl "40/5400+30:1800+30"]

1. e4 e5 2. Nf3 Nc6 3. Bc4 Nf6 4. d3 Bc5 5. c3 Qe7 6. O-O d6 7. a4 a6 8. Re1 Bg4 9. Be3 O-O 10. Nbd2 Rad8 11. Qb3 Na5 12. Qa2 Nxc4 13. Qxc4 Be6 14. Nxe5 Bxc4 15. Nexc4 Bxe3 16. Rxe3 Ng4 17. Rg3 Ne5 18. Ne3 Qe6 19. Nf5 g6 20. d4 Nd7 21. d5 Qe5 22. Re1 b5 23. Nf3 Qf6 24. Nh6+ Kh8 25. Ng4 Qg7 26. Ng5 Ne5 27. Rh3 Nxg4 28. Rxh7+ Qxh7 29. Nxh7 Kxh7 30. f3 Ne5 31. axb5 axb5 32. Rd1 Ra8 33. Kf2 Ra2 34. Kg3 Rxb2 35. f4 Nc4 36. Kg4 Ne3+ {0-} 0-1

[Event "45th FIDE Womens Olympiad 2024"]
[Site "Budapest"]
[Date "2024.09.19"]
[Round "8.35"]
[White "Beydullayeva, Govhar"]
[Black "Sedina, Elena"]
[Result "1/2-1/2"]
[ECO "D37"]
[WhiteElo "2395"]
[BlackElo "2196"]
[Annotator "TA"]
[PlyCount "82"]
[EventDate "2024.09.05"]
[EventType "team-tourn"]
[EventCountry "HUN"]
[SourceTitle "playchess.com"]
[Source "ChessBase"]
[SourceQuality "1"]
[WhiteTeam "Azerbaijan"]
[BlackTeam "Italy"]
[WhiteTeamCountry "AZE"]
[BlackTeamCountry "ITA"]
[TimeControl "40/5400+30:1800+30"]

1. d4 d5 2. c4 e6 3. Nf3 h6 4. Nc3 Nf6 5. Bf4 c5 6. e3 cxd4 7. exd4 Bb4 8. Bd3 dxc4 9. Bxc4 Nc6 10. O-O O-O 11. Rc1 Bd6 12. Ne5 Qe7 13. Nxc6 bxc6 14. Qf3 a5 15. Be5 Rd8 16. Rfe1 Bb7 17. Qg3 c5 18. Nb5 Bxe5 (18... Bb8 $11) 19. dxe5 $14 Ne8 20. Qe3 a4 21. Red1 Ba6 22. Na3 Bxc4 23. Nxc4 Rxd1+ 24. Rxd1 Rd8 25. Rxd8 Qxd8 {[%mdl 4096] Endgame. KQN-KQN} 26. Qd2 (26. Qxc5 $2 Qd1#) 26... Qh4 27. f4 Nc7 28. g3 Qg4 29. Qd8+ Kh7 30. Qd3+ Kg8 31. Qd8+ Kh7 32. Qd3+ Kg8 33. Nb6 Nd5 34. Nxd5 exd5 35. Qxd5 $11 {KQ-KQ} Qe2 ({Black should try} 35... Qg6 $11) 36. Qa8+ (36. Qxc5 $14 Qd1+ 37. Kf2) 36... Kh7 {The position is equal.} 37. Qg2 Qd1+ 38. Qf1 Qd4+ 39. Qf2 {[#] Strongly threatening Qxd4.} Qd1+ 40. Qf1 Qd4+ 41. Qf2 {And now Qxd4 would win.} Qd1+ {Weighted Error Value: White=0.10 (very precise) /Black=0.08 (flawless) .  Mistake:       	White=1     	Black=2      Inaccurate:     	White=3     	Black=3      OK:         	White=9     	Black=14     Best:        	White=1     	Black=2} 1/2-1/2

[Event "45th FIDE Womens Olympiad 2024"]
[Site "Budapest"]
[Date "2024.09.19"]
[Round "8.35"]
[White "Al Nadabi, Yomna"]
[Black "Tchouateu Tankeu Stephanie"]
[Result "1-0"]
[ECO "D02"]
[WhiteElo "1612"]
[BlackElo "1565"]
[PlyCount "41"]
[EventDate "2024.09.05"]
[EventType "team-tourn"]
[EventCountry "HUN"]
[WhiteTeam "Oman"]
[BlackTeam "Cameroon"]
[WhiteTeamCountry "OMN"]
[BlackTeamCountry "CAM"]
[TimeControl "40/5400+30:1800+30"]

1. d4 d5 2. Bf4 Nf6 3. e3 Bf5 4. Nf3 Nc6 5. Nbd2 e6 6. c3 Be7 7. Be2 O-O 8. h4 h6 9. Ne5 Nxe5 10. dxe5 Nd7 11. g4 Be4 12. Nxe4 Bxh4 13. g5 hxg5 14. Nxg5 Bxg5 15. Bd3 g6 16. Qg4 Bxf4 17. exf4 Kg7 18. O-O-O c5 19. Rdg1 Nf6 20. Qg5 Ne4 21. Qh6+ 1-0

[Event "45th FIDE Womens Olympiad 2024"]
[Site "Budapest"]
[Date "2024.09.19"]
[Round "8.36"]
[White "Sala, Giulia"]
[Black "Balajayeva, Khanim"]
[Result "1-0"]
[ECO "C45"]
[WhiteElo "2115"]
[BlackElo "2384"]
[Annotator "TA"]
[PlyCount "119"]
[EventDate "2024.09.05"]
[EventType "team-tourn"]
[EventCountry "HUN"]
[SourceTitle "playchess.com"]
[Source "ChessBase"]
[SourceQuality "1"]
[WhiteTeam "Italy"]
[BlackTeam "Azerbaijan"]
[WhiteTeamCountry "ITA"]
[BlackTeamCountry "AZE"]
[TimeControl "40/5400+30:1800+30"]

1. e4 e5 2. Nf3 Nc6 3. d4 exd4 4. Nxd4 Nf6 5. Nxc6 bxc6 6. e5 Qe7 7. Qe2 Nd5 8. h4 {is now debated instead of 8.c4.} Qe6 {C45: Scotch Game.} 9. Nd2 a5 10. a3 Ba6 11. Qe4 Bxf1 12. Kxf1 Be7 13. Nf3 Qg6 $146 ({Predecessor:} 13... f6 14. Bd2 fxe5 15. Qxe5 Qxe5 16. Nxe5 Bf6 17. Nc4 O-O 18. Re1 Bd4 19. Re2 a4 {1-0 Wong,Y (2381)-Doshi,M (2332) Titled Tuesday intern op 14th April blitz 2020 (1)}) 14. Qc4 Qf5 15. Bd2 Nb6 16. Qc3 Nd5 17. Qc4 Nb6 18. Qc3 O-O 19. Re1 Qg4 20. b3 Bxa3 21. h5 Bb4 22. Qd3 Bxd2 23. Rh4 Qxh4 24. Nxh4 Bxe1 25. Nf5 Bb4 26. Qg3 g6 27. Qg5 Nd5 28. c4 f6 29. exf6 Rxf6 (29... Nxf6 30. hxg6 Ne8 31. c5 Rxf5 32. gxh7+ Kxh7 33. Qxf5+ Kg8 $14) 30. Nh6+ Kg7 31. cxd5 Re8 32. g3 $1 Be7 33. Qe3 (33. Ng4 $2 Rxf2+ 34. Nxf2 Bxg5 $19) 33... cxd5 (33... gxh5 $11 {remains equal.} 34. dxc6 (34. Qg5+ Kh8 $16) 34... dxc6 (34... Rxh6 $2 35. cxd7 Rh8 36. Qxe7+ Kg6 37. Qe5 $18) 35. Qg5+ Kh8) 34. Ng4 $16 Re6 35. Qc3+ $1 Bf6 36. h6+ $1 Kf7 {[#]} 37. Qc4 $4 {[%mdl 8192] [#]} (37. Qxc7 $3 $18 R8e7 38. Qxa5) 37... c5 $2 (37... dxc4 $1 {mates} 38. bxc4 (38. b4 c3) 38... Bd4 (38... Re1+ $2 39. Kg2 $19) 39. Kg1 a4 (39... Re1+ 40. Kh2 a4 41. Kg2 a3 42. Nh2 a2 43. g4 a1=Q 44. Nf3 R1e2 45. Ng5+ Kg8 46. Nh3 Bxf2 47. Nxf2 R8e3 48. c5 Qe1 49. Kh2 Rxf2#) 40. Nh2 a3 (40... Re1+ 41. Kg2 a3 42. g4 a2 43. Nf3 a1=Q 44. Ng5+ Kg8 45. Nh3 Rh1 46. Kg3 Qc3+ 47. f3 Qe1+ 48. Nf2 Bxf2+ 49. Kg2 Qg1#) 41. Nf3 a2 42. Kh2 a1=Q (42... a1=B $2 43. Ng5+ Kg8 44. Nxe6 $19) 43. Ng5+ Kg8 44. Kg2 Re1 (44... Qa8+ 45. f3 Qa1 46. Nh3 Re2+ 47. Nf2) 45. Nf3 Bxf2 (45... Rg1+ 46. Nxg1 Qa8+ 47. Nf3 Re2 48. g4 Rxf2+ 49. Kh3 Qxf3+ 50. Kh4 Rh2+ 51. Kg5 Qf6#) 46. c5 Rg1+ (46... Bxc5 47. Nxe1 Qxe1 48. Kh3 Qh1+ 49. Kg4 Qh5+ 50. Kf4 Qf5#) 47. Kh3 Rh1+ (47... Rxg3+ $2 48. Kh2 Qf1 49. Nh4 Rh3#) (47... Qf1+ 48. Kg4 Rxg3+ 49. Kf4 Qc4+ 50. Nd4 Qxd4#) 48. Nh2 Qg1 49. Kh4 Qxg3#) 38. Qxc5 $16 R8e7 (38... d4 $16) 39. Qxa5 Rd6 40. Qc5 Ree6 41. Ne3 $1 Be7 (41... d4 42. Nc4 Rc6 43. Qd5 $16) (41... Bg5 $16) 42. f4 (42. Nxd5 Re5 43. Qc8 Rexd5 $11 (43... Rdxd5 44. Qh8 $11)) (42. b4 $1 $18 {and the rest is easy.}) 42... Bf8 $16 (42... d4 $2 43. Nc4 Bf8 44. Nxd6+ Rxd6 45. Qc4+ Ke8 46. Ke2 Bxh6 47. b4 $18) 43. Ng4 (43. Nxd5 Re1+ 44. Kxe1 Re6+ $11) 43... d4 44. Qc4 $1 Ke7 (44... Ke8 $142 45. Qd3 Be7) 45. Qd3 $1 $16 Rd5 46. b4 Kd8 47. Ne5 (47. Qc4 $16 Rdd6 48. Ne5) 47... Rb6 $2 (47... Bxb4 $14 48. Qe4 Rdd6 49. Qa8+ Kc7) 48. Qc4 (48. Nf7+ $142 Ke7 49. Qe4+ Kxf7 50. Qxd5+ Ke8 51. Qxd4 (51. b5 Rd6 $18) 51... Rxb4 52. Qh8) 48... Rbb5 $18 49. Nd3 Rh5 $2 (49... Bxh6 50. Nc5 Rbxc5 51. bxc5 Rf5 52. Qxd4 Ke8 53. Qh8+ Bf8 54. Qxh7 Rf6) 50. g4 $18 (50. Qxd4 Rbd5 51. Qc4 Rd6 $18) 50... Rhd5 51. Nc5 Rbxc5 52. bxc5 Rxc5 53. Qg8 Ke8 54. Qxh7 Rc6 55. Qg8 d3 56. h7 Rc1+ 57. Kg2 d2 58. h8=Q (58. h8=B d1=Q (58... d1=B $2 59. Bg7 $18) 59. Qxg6+ Kd8 60. Qb6+ Kc8 61. Qa6+ Kc7 62. Qa7+ Kc6 63. Qa6+ Kc5 64. Qc8+ Kb5 65. Qb7+ Kc4 66. Qa6+ Kb3 67. Qb7+ Bb4 68. Qf3+ Qxf3+ 69. Kxf3 Bc3 $19) 58... Rg1+ {[#]} 59. Kf2 $1 (59. Kxg1 d1=Q+ 60. Kf2 Qd2+ 61. Kg3 Qe3+ 62. Kg2 Qe2+ 63. Kg3 Qe3+ 64. Kg2 Qe2+ 65. Kg1 Qe1+ 66. Kg2 Qe2+ $11) 59... Rf1+ {[#]} 60. Ke3 $1 ({Inferior is} 60. Kxf1 d1=Q+ 61. Kg2 (61. Kf2 Qd2+ 62. Kg1 Qd1+ 63. Kf2 Qd2+ 64. Kf1 Qd1+ 65. Kf2 $11) 61... Qe2+ 62. Kg1 Qe1+ 63. Kg2 Qe2+ 64. Kg1 Qe1+ 65. Kg2 Qe2+ $11) 1-0

[Event "45th FIDE Womens Olympiad 2024"]
[Site "Budapest"]
[Date "2024.09.19"]
[Round "8.37"]
[White "Khademalsharieh, Sarasadat"]
[Black "Borosova, Zuzana"]
[Result "1-0"]
[ECO "A13"]
[WhiteElo "2468"]
[BlackElo "2205"]
[Annotator "TA"]
[PlyCount "145"]
[EventDate "2024.09.05"]
[EventType "team-tourn"]
[EventCountry "HUN"]
[SourceTitle "playchess.com"]
[Source "ChessBase"]
[SourceQuality "1"]
[WhiteTeam "Spain"]
[BlackTeam "Slovakia"]
[WhiteTeamCountry "ESP"]
[BlackTeamCountry "SVK"]
[TimeControl "40/5400+30:1800+30"]

1. Nf3 Nf6 2. e3 d5 3. c4 e6 4. Nc3 Be7 5. b3 O-O 6. Bb2 c5 7. cxd5 exd5 8. Ne2 ({White should play} 8. Rc1 $14) 8... Nc6 $11 9. Ng3 Ne4 10. Bb5 {The position is equal.} Qb6 11. Be2 Bg4 12. O-O Qa5 13. Nxe4 dxe4 14. Ne5 Bxe2 15. Qxe2 Nxe5 16. Bxe5 Qb6 17. Qg4 {[%csl Ge5][%cal Rg4g7] [#]} Qg6 18. Qd7 Qe6 19. Qxe6 (19. Qxb7 $2 Qxe5 20. Rab1 h5 $19) 19... fxe6 20. Rac1 Rad8 21. Rc2 Rd5 22. Bb2 Rfd8 23. Rd1 b6 24. Kf1 Rh5 25. h3 Rf5 26. Rc4 Rdf8 27. Rxe4 Rxf2+ 28. Kg1 Re2 29. Rg4 g6 30. Be5 ({Better is} 30. Bc3 $11) 30... Rd8 31. Ra4 Rxe3 (31... Rexd2 32. Rxd2 Rxd2 33. Rxa7 $11) (31... Bg5 $15 32. Kf1 Rexd2 (32... Rdxd2 33. Rxd2 Rxd2 34. Rxa7 $15) 33. Rxd2 Rxd2) 32. Bc7 $36 {[%mdl 2048] White is more active.} Rd7 33. Rxa7 Red3 (33... b5 $11) 34. Bxb6 $16 {aiming for Rxd7.} Rxa7 35. Bxa7 {[%mdl 4096] Endgame. KRB-KRB} Rd7 {[#]} 36. Bb8 Bg5 37. d3 (37. Kf2 $142) 37... Be3+ 38. Kh2 Rb7 (38... Kf8 $14) 39. Be5 Ra7 (39... h5 $16 {is a better defense.} 40. Re1 Bd2) 40. a4 $18 Rb7 41. Rb1 (41. a5 $18 Rxb3 42. a6) 41... Rd7 $2 {This move loses the game for Black.} (41... Bd2 $16 {might work better.} 42. Kg1 Rf7) 42. a5 Ra7 43. Ra1 Ra6 44. Ra2 {Repels Bd2} Kf7 45. Kg3 Ke7 46. Kf3 Bg5 47. d4 cxd4 48. b4 {[%cal Ob4b5] Hoping for b5!} d3 49. b5 Ra8 50. b6 Rf8+ 51. Kg4 d2 52. Ra1 (52. Kxg5 {leads to mate.} d1=Q (52... d1=B $2 {too greedy.} 53. b7 $18) (52... d1=B $2 53. b7 $18)) 52... Be3 53. Rd1 {Strongly threatening b7.} Bf2 54. b7 (54. Rxd2 h5+ 55. Kg5 Be3+ 56. Kxg6 Bxd2 $18) 54... Rf5 55. h4 (55. b8=B $2 h5#) 55... h5+ $2 (55... Ba7) 56. Kh3 Ba7 57. b8=Q Bxb8 58. Bxb8 Rxa5 59. Rxd2 {KRB-KR} e5 60. Bc7 Rb5 61. Bd8+ Ke6 62. Bg5 Rb3+ 63. g3 {Black must now prevent Rf2.} Kf5 (63... e4 $142 64. Bf4 Kf6) 64. Rf2+ Ke4 65. Rf6 Rb1 66. Rxg6 Kf3 67. Rf6+ Ke4 68. Rf2 Kd3 69. g4 {White mates.} hxg4+ 70. Kxg4 Rb4+ 71. Kf5 e4 72. Rd2+ Kc3 73. Re2 {Weighted Error Value: White=0.16 (very precise) /Black=0.23 (precise) .  Loses game:     	---       	Black=1      Mistake:       	White=3     	Black=5      Inaccurate:     	White=2     	Black=2      OK:         	White=23    	Black=17     Best:        	White=5     	Black=3} 1-0

[Event "45th FIDE Womens Olympiad 2024"]
[Site "Budapest"]
[Date "2024.09.19"]
[Round "8.38"]
[White "Mrvova, Alena"]
[Black "Garcia Martin, Marta"]
[Result "1/2-1/2"]
[ECO "B40"]
[WhiteElo "2121"]
[BlackElo "2318"]
[Annotator "RC"]
[PlyCount "154"]
[EventDate "2024.09.05"]
[EventType "team-tourn"]
[EventCountry "HUN"]
[SourceTitle "playchess.com"]
[Source "ChessBase"]
[SourceQuality "1"]
[WhiteTeam "Slovakia"]
[BlackTeam "Spain"]
[WhiteTeamCountry "SVK"]
[BlackTeamCountry "ESP"]
[TimeControl "40/5400+30:1800+30"]

1. e4 c5 2. Nf3 Nc6 3. d3 Nf6 4. g3 d5 5. e5 Nd7 6. Qe2 e6 7. Bg2 Qc7 8. Bf4 h6 9. h4 g6 10. O-O Bg7 11. Re1 b5 12. Nc3 Qb6 13. a4 b4 14. Nb5 O-O 15. c4 bxc3 16. bxc3 Ba6 17. c4 Nb4 18. Qd2 Kh7 19. Reb1 dxc4 20. dxc4 Rad8 21. Qc3 Qb8 22. Rd1 Nb6 23. Qb3 Nc6 24. Rxd8 Rxd8 25. Qe3 Na5 26. Rb1 Naxc4 27. Qxc5 Bf8 28. Qc7 Qxc7 29. Nxc7 Bb7 30. Nb5 a5 31. Nd6 Bxd6 32. exd6 Bxf3 33. Bxf3 e5 34. Be3 Rxd6 35. Bc5 Rf6 36. Bd1 Nd5 37. Rb7 Nc3 38. Bb3 Ne4 39. Ba7 Ned2 40. Ba2 Kg7 41. f4 Rc6 42. fxe5 Nf3+ 43. Kf2 Nfxe5 44. Bd4 Rd6 45. Bxe5+ Nxe5 46. Ke3 Rf6 47. Bd5 g5 48. hxg5 hxg5 49. Kd4 Ng4 50. Rb5 Nh6 51. Be4 Rd6+ 52. Kc4 Re6 53. Kd3 Rd6+ 54. Ke3 f6 55. Rxa5 Ng4+ 56. Kf3 Ne5+ 57. Ke2 Rd4 58. Ra7+ Kf8 59. Bf5 Nc4 60. Rd7 Nd6 61. Bd3 Ke8 62. Ra7 f5 63. a5 Ne4 64. a6 Nc5 65. Bb5+ Kd8 66. Ra8+ Kc7 67. Rg8 Kb6 68. Rxg5 Kxb5 69. Rxf5 Ra4 70. Kf3 Rxa6 71. g4 Kc4 72. g5 Kd4 73. Rf6 Ra1 74. Rf5 Ne4 75. Rb5 Rg1 76. Rb4+ Kd5 77. Rxe4 Rxg5 1/2-1/2

[Event "45th FIDE Womens Olympiad 2024"]
[Site "Budapest"]
[Date "2024.09.19"]
[Round "8.38"]
[White "Alazemi, Aisha"]
[Black "Kponsou, Afiwa"]
[Result "0-1"]
[ECO "B07"]
[WhiteElo "1539"]
[BlackElo "1453"]
[PlyCount "68"]
[EventDate "2024.09.05"]
[EventType "team-tourn"]
[EventCountry "HUN"]
[WhiteTeam "Kuwait"]
[BlackTeam "Togo"]
[WhiteTeamCountry "KUW"]
[BlackTeamCountry "TOG"]
[TimeControl "40/5400+30:1800+30"]

1. e4 g6 2. d4 Bg7 3. Nf3 d6 4. c3 Nf6 5. Bd3 a6 6. h3 O-O 7. O-O b5 8. a3 Nbd7 9. Qe2 c5 10. Nbd2 Bb7 11. Re1 Re8 12. Nf1 c4 13. Bc2 e5 14. Ng3 d5 15. Be3 dxe4 16. Nd2 exd4 17. cxd4 Nb6 18. Bg5 Qxd4 19. Ndxe4 Nxe4 20. Bxe4 f5 21. Rad1 Qc5 22. Be3 Qc7 23. Bxb7 Qxb7 24. Qc2 Nd5 25. Bg5 h6 26. Bh4 Re5 27. Rxe5 Bxe5 28. Nxf5 Nf4 29. Ne3 Rf8 30. g3 Nxh3+ 31. Kh2 Rxf2+ 32. Qxf2 Nxf2 33. Rd8+ Kf7 34. Nd5 g5 {0-} 0-1

[Event "45th FIDE Womens Olympiad 2024"]
[Site "Budapest"]
[Date "2024.09.19"]
[Round "8.39"]
[White "Vega Gutierrez, Sabrina"]
[Black "Bochnickova, Simona"]
[Result "1-0"]
[ECO "B92"]
[WhiteElo "2374"]
[BlackElo "2138"]
[Annotator "TA"]
[PlyCount "71"]
[EventDate "2024.09.05"]
[EventType "team-tourn"]
[EventCountry "HUN"]
[SourceTitle "playchess.com"]
[Source "ChessBase"]
[SourceQuality "1"]
[WhiteTeam "Spain"]
[BlackTeam "Slovakia"]
[WhiteTeamCountry "ESP"]
[BlackTeamCountry "SVK"]
[TimeControl "40/5400+30:1800+30"]

1. e4 c5 2. Nf3 d6 3. d4 cxd4 4. Nxd4 Nf6 5. Nc3 a6 6. Be2 e5 7. Nb3 Be7 8. Be3 Be6 9. Nd5 Nbd7 10. Qd3 Nc5 (10... O-O $11) 11. Nxc5 $14 dxc5 12. Nxf6+ gxf6 {White is slightly better.} 13. Qc3 b5 (13... Qb6 $14) 14. O-O $16 (14. Bxc5 $6 Bxc5 15. Qxc5 Rc8 $11) 14... b4 15. Qe1 f5 {[#]} (15... Rg8 $16 {was worth a try.}) 16. f4 $1 $18 exf4 17. exf5 ({Don't play} 17. Rxf4 $6 Bg5) (17. Bxf4 $6 Qd4+ 18. Kh1 Qxe4 $16) 17... Bxf5 18. Bxf4 {Strongly threatening Be5.} Qd4+ 19. Kh1 Rg8 (19... O-O $142 20. Rd1 Qxb2) 20. Bf3 Rc8 21. Rd1 Qg7 (21... Qxf4 22. Bc6+ Rxc6 23. Rxf4 Bxc2) 22. Rf2 Be6 (22... Qf6 $142 23. Bd5 Rg6) 23. Bb7 Qg4 24. Bxc8 Bxc8 25. Bd6 {[%csl Gd6][%cal Re1e7] [#]} Be6 26. Bxe7 Kxe7 27. Rd5 Rg5 {Against Qe5} 28. Rd3 Qh5 29. Qe4 {And now Rff3 would win.} Re5 $2 (29... Rd5 30. Rxd5 Qxd5 31. Qxd5 (31. Qxh7 $2 Qd1+) 31... Bxd5) 30. Qb7+ Kf8 31. Qb8+ (31. Qxa6 $2 Re1+) 31... Kg7 32. Rg3+ Rg5 33. Qe5+ Kf8 34. Qh8+ (34. Qxg5 $2 {gets mated.} Qd1+) 34... Ke7 35. Qf6+ Ke8 36. Rxg5 {White took control after the opening.   Weighted Error Value: White=0.66/Black=0.66.  Mistake:       	---       	Black=6      Inaccurate:     	White=2     	Black=1      OK:         	White=8     	Black=3      Best:        	White=2     	Black=2      Strong:       	White=1     	---} (36. Qxg5 $2 {leads to mate.} Qd1+) 1-0

[Event "45th FIDE Womens Olympiad 2024"]
[Site "Budapest"]
[Date "2024.09.19"]
[Round "8.40"]
[White "Walter, Ema"]
[Black "Calzetta Ruiz, Monica"]
[Result "0-1"]
[ECO "B36"]
[WhiteElo "2055"]
[BlackElo "2199"]
[Annotator "RC"]
[PlyCount "98"]
[EventDate "2024.09.05"]
[EventType "team-tourn"]
[EventCountry "HUN"]
[SourceTitle "playchess.com"]
[Source "ChessBase"]
[SourceQuality "1"]
[WhiteTeam "Slovakia"]
[BlackTeam "Spain"]
[WhiteTeamCountry "SVK"]
[BlackTeamCountry "ESP"]
[TimeControl "40/5400+30:1800+30"]

1. e4 c5 2. Nf3 g6 3. c4 Nc6 4. d4 cxd4 5. Nxd4 Nf6 6. Nc3 d6 7. Be2 Nxd4 8. Qxd4 Bg7 9. Be3 O-O 10. Qd2 a5 11. f3 a4 12. O-O Qa5 13. Rac1 Be6 14. Nd5 Bxd5 15. Qxa5 Rxa5 16. cxd5 Nd7 17. Rc7 Nc5 18. Rb1 Rb8 19. Kf1 Kf8 20. b4 axb3 21. axb3 Na6 22. Rcc1 Ra2 23. b4 Rb2 24. Rxb2 Bxb2 25. Rc2 Ba3 26. b5 Nc5 27. Bd2 Nd7 28. Ra2 Bc5 29. f4 Ke8 30. Bd3 Nb6 31. Ke2 Kd7 32. Be3 Bxe3 33. Kxe3 Rc8 34. Rf2 f6 35. g4 Rc3 36. Kd4 Ra3 37. h4 Na4 38. f5 Nc5 39. Rf3 gxf5 40. gxf5 Kc7 41. Re3 Rxd3+ 42. Rxd3 Nxd3 43. Kxd3 Kb6 44. Kc4 Ka5 45. h5 h6 46. b6 Kxb6 47. Kb4 Ka6 48. Ka4 b5+ 49. Kb4 Kb6 0-1

[Event "45th FIDE Womens Olympiad 2024"]
[Site "Budapest"]
[Date "2024.09.19"]
[Round "8.41"]
[White "Yao, Lan"]
[Black "Martynkova, Olena"]
[Result "1/2-1/2"]
[ECO "C54"]
[WhiteElo "2353"]
[BlackElo "2176"]
[Annotator "RC"]
[PlyCount "106"]
[EventDate "2024.09.05"]
[EventType "team-tourn"]
[EventCountry "HUN"]
[SourceTitle "playchess.com"]
[Source "ChessBase"]
[SourceQuality "1"]
[WhiteTeam "England"]
[BlackTeam "Lithuania"]
[WhiteTeamCountry "ENG"]
[BlackTeamCountry "LTU"]
[TimeControl "40/5400+30:1800+30"]

1. e4 e5 2. Nf3 Nc6 3. Bc4 Bc5 4. d3 Nf6 5. O-O d6 6. c3 a6 7. a4 h6 8. Nbd2 O-O 9. h3 Ba7 10. Re1 Be6 11. b4 Qd7 12. Bxe6 fxe6 13. Nb3 Nh5 14. d4 exd4 15. Nbxd4 Nf4 16. Be3 e5 17. Nf5 Bxe3 18. Rxe3 Ng6 19. Rb1 Rad8 20. b5 axb5 21. axb5 Na5 22. N3h4 Nxh4 23. Nxh4 d5 24. Rd3 c6 25. bxc6 bxc6 26. Nf5 Kh8 27. Qg4 Nc4 28. Qg3 Qf7 29. Qh4 Nd6 30. Rf3 Qf6 31. Qxf6 Rxf6 32. Nxd6 Rfxd6 33. exd5 cxd5 34. Rf5 d4 35. cxd4 exd4 36. Rd1 d3 37. Rd2 Kh7 38. Re5 g5 39. f3 Kg6 40. Kf2 Kf6 41. Re4 Rd5 42. Ke3 R8d6 43. g3 Kg6 44. h4 h5 45. hxg5 Rxg5 46. Rxd3 Rxd3+ 47. Kxd3 Rxg3 48. Ke2 Rg5 49. Kf2 Rf5 50. Kg3 Kg5 51. f4+ Kf6 52. Kh4 Rc5 53. Re5 Rxe5 1/2-1/2

[Event "45th FIDE Womens Olympiad 2024"]
[Site "Budapest"]
[Date "2024.09.19"]
[Round "8.41"]
[White "Ruddy, Rachel"]
[Black "Lima, Izidora Lourenco"]
[Result "1/2-1/2"]
[ECO "A07"]
[WhiteElo "1662"]
[BlackElo "1579"]
[PlyCount "114"]
[EventDate "2024.09.05"]
[EventType "team-tourn"]
[EventCountry "HUN"]
[WhiteTeam "Jersey"]
[BlackTeam "Sao Tome and Principe"]
[WhiteTeamCountry "JCI"]
[BlackTeamCountry "SAO"]
[TimeControl "40/5400+30:1800+30"]

1. Nf3 d5 2. g3 g6 3. Bg2 Nf6 4. d3 Bg7 5. O-O c6 6. a4 O-O 7. Nbd2 Re8 8. Re1 e5 9. e4 d4 10. a5 Bg4 11. h3 Bxf3 12. Nxf3 Nbd7 13. Rf1 c5 14. b3 b6 15. axb6 axb6 16. Rxa8 Qxa8 17. Nh2 Qb8 18. f4 Qc7 19. f5 h6 20. fxg6 fxg6 21. g4 g5 22. Rf5 Qd8 23. h4 Nh7 24. hxg5 Nxg5 25. Nf3 Nxf3+ 26. Qxf3 Rf8 27. Qh3 Rxf5 28. exf5 Qf6 29. Qh5 Kf8 30. Be4 Qf7 31. Qh4 Qf6 32. g5 hxg5 33. Bxg5 Qd6 34. Kf1 Nf6 35. Bh6 Bxh6 36. Qxh6+ Ke7 37. Qg7+ Kd8 38. Bg2 Ne8 39. Qg6 Qxg6 40. fxg6 Ng7 41. Kf2 Ke7 42. Bd5 Nf5 43. Be4 Ne3 44. Kg3 Kf6 45. Kh4 Nxc2 46. Kh5 Kg7 47. Kg5 Ne3 48. Bc6 Nf1 49. Kf5 Nd2 50. Kxe5 Nxb3 51. Kf5 Nd2 52. Bb5 Nb1 53. Bc4 Na3 54. Bf7 b5 55. Ke4 c4 56. Kxd4 cxd3 57. Kxd3 Nc4 1/2-1/2